 Dungeon Crawl Stone Soup version 0.20-a0-351-gc9b4002 (webtiles) character file.

44 shitimlost the Skirmisher (level 3, 0/30 HPs)
             Began as a Vine Stalker Fighter on Dec 26, 2016.
             Slain by Sigmund
             ... wielding a +0 scythe
              (1 damage)
             ... on level 2 of the Dungeon.
             The game lasted 00:02:19 (1112 turns).

shitimlost the Skirmisher (Vine Stalker Fighter)    Turns: 1112, Time: 00:02:19

Health: 0/30       AC: 21    Str: 21 (24) XL:     3   Next: 60%
Magic:  0/4        EV:  2    Int:  7 (8)  God:
Gold:   33         SH:  9    Dex: 11 (13) Spells: 2/2 levels left

rFire  . . .     SeeInvis .     a - +0 trident
rCold  . . .     Gourm    .     (armour currently unavailable)
rNeg   + + +     Faith    .     c - +0 shield
rPois  +         Spirit   +     (helmet currently unavailable)
rElec  .         Reflect  .     (cloak currently unavailable)
rCorr  .         Harm     .     (gloves currently unavailable)
MR     .....     NoTele   +     (boots currently unavailable)
Stlth  +.........               (no amulet)
                                (no ring)
                                (no ring)

@: mighty, tree-form
A: (fangs 0), magic shield, (antimagic bite), no device heal 3, rot immunity
a: no special abilities


You were on level 2 of the Dungeon.
You were not hungry.
You were a tree.
You visited 1 branch of the dungeon, and saw 2 of its levels.

You collected 33 gold pieces.

Inventory:

Hand Weapons
 a - a +0 trident (weapon)
Missiles
 j - 4 javelins (quivered)
Armour
 b - a +0 scale mail (melded)
 c - a +0 shield (worn)
Jewellery
 k - an uncursed ring of protection from magic {unknown}
Scrolls
 h - 3 scrolls of magic mapping {unknown}
 l - 2 scrolls of enchant weapon {unknown}
 n - a scroll of immolation {unknown}
Potions
 i - a potion of degeneration
Comestibles
 f - a bread ration


   Skills:
 + Level 3.1 Fighting
 + Level 2.4 Polearms
 + Level 2.6 Armour
 + Level 3.1 Shields


You had 2 spell levels left.
You didn't know any spells.

Dungeon Overview and Level Annotations

Branches:
Dungeon (2/15)

Altars:

Annotations:
D:2 Sigmund


Innate Abilities, Weirdness & Mutations

((You have extremely sharp teeth.))
When hurt, damage is shared between your health and your magic reserves.
((Your bite disrupts and absorbs the magic of your enemies.))
Potions cannot restore your health.
You are immune to rotting.


Message History

You swing at nothing.
You feel less confused. Something hits you but does no damage.
You swing at nothing.
You hear some strange, mumbled words.
Something tries to affect you, but you resist.
You swing at nothing.
Something hits you but does no damage.
You swing at nothing.
Something hits you but does no damage.
You swing at nothing.
You block something's attack.
You swing at nothing.
Something hits you but does no damage.
You swing at nothing.
You hear some strange, mumbled words.
Something tries to affect you, but you resist.
You swing at nothing.
A magic dart appears from out of thin air!
The magic dart hits you!
You swing at nothing.
Something hits you.
* * * LOW HITPOINT WARNING * * *
You swing at nothing.
Something hits you.
You die...

### .......##.. ###
#......##.# #<#
#......##.# #.#
......##.# #.# #.#
.g...##.# #.# #.#
.####....#.# #.# #.#
........@#♣# #.# ####.#
.........#†# #.#
#.#..... ..!......{.#
#.# #.#.####
.......†.######.####.#.#
##+#...............#.#.#
#...#.######.##.#.#.#
#.#.#.# ...##.#.#.#
#.#(..# ######.#.#.#
......# #..........#


There were no monsters in sight!

Vanquished Creatures
  An adder (D:2)
  2 dart slugs (D:1)
  A leopard gecko (D:1)
  2 bats
  3 giant cockroaches (D:1)
  4 goblins (D:1)
  A hobgoblin (D:1)
  4 jackals (D:1)
  4 kobolds (D:1)
  2 frilled lizards (D:1)
  5 rats
29 creatures vanquished.

Vanquished Creatures (others)
  5 toadstools (D:1)
5 creatures vanquished.

Grand Total: 34 creatures vanquished

Notes
Turn   | Place    | Note
-------+----------+-------------------------------------------
     0 | D:1      | shitimlost the Vine Stalker Fighter began the quest for the Orb.
     0 | D:1      | Reached XP level 1. HP: 11/11 MP: 2/2
   286 | D:1      | Reached XP level 2. HP: 16/16 MP: 3/3
   630 | D:1      | Reached XP level 3. HP: 16/20 MP: 4/4
  1075 | D:2      | Noticed Sigmund
  1092 | D:2      | HP: 1/30 [something (2)]
  1111 | D:2      | HP: 1/30 [something (3)]
  1112 | D:2      | Slain by Sigmund

Vault maps used:
D:1:      ldierk_walled_garden, minivault_19
D:2:      cheibrodos_helix_gallery, chequers_ecumenical_altar_simple_redux,
          uniq_sigmund, uniq_jessica

Skill      XL: |  1  2  3 |
---------------+----------+-----
Polearms       | 2 |  2.4
Fighting       | 3 |  3.1
Shields        | 3 |  3.1
Armour         | |  2.6

Action                   || total
-------------------------++-------
Melee: Trident           ||    97
       Bite              ||    11
  Use: Potion            ||     4
  Eat: Chunk             ||     1
Armor: Scale mail        ||    22
       Skin              ||    19
Dodge: Dodged            ||    19
Block: Shield            ||    41
